 Dungeon Crawl Stone Soup version 0.24.0-13-gcf9b3192b9 (webtiles) character file.

Game seed: 15499537308116455570, levelgen mode: deterministic

98 Aviak the Sneak (level 4, -4/27 HPs)
             Began as an Octopode Enchanter on Nov 6, 2019.
             Slain by an orc
             ... wielding a +0 whip
              (8 damage)
             ... on level 3 of the Dungeon.
             The game lasted 00:03:05 (2996 turns).

Aviak the Sneak (Octopode Enchanter)                Turns: 2996, Time: 00:03:05

Health: -4/27      AC:  1    Str:  7      XL:     4   Next: 71%
Magic:  0/7        EV: 14    Int: 17 (18) God:
Gold:   178        SH:  0    Dex: 11 (12) Spells: 1/7 levels left

rFire    . . .     SeeInvis .   h - +2 short sword (protect)
rCold    . . .     Gourm    .   (no shield)
rNeg     . . .     Faith    .   (helmet restricted)
rPois    .         Spirit   .   (no amulet)
rElec    .         Reflect  .   (no ring)
rCorr    .         Harm     .   (no ring)
MR       .....                  (no ring)
Stlth    ++++......             (no ring)
HPRegen  0.09/turn              (no ring)
MPRegen  0.10/turn              (no ring)
                                (no ring)
                                (no ring)

@: flying
A: almost no armour, stealthy swim, amphibious, 8 rings, constrict 8, camouflage
1, gelatinous body 1
a: no special abilities


You were on level 3 of the Dungeon.
You were very hungry.

You visited 1 branch of the dungeon, and saw 3 of its levels.

You collected 178 gold pieces.

Inventory:

Hand Weapons
 a - a +1 dagger
 h - a +2 short sword of protection (weapon)
Armour
 d - a cursed +0 buckler
Scrolls
 b - 3 scrolls of teleportation {unknown}
 e - a scroll of blinking {unknown}
 f - 2 scrolls of amnesia {unknown}
 g - a scroll of enchant weapon {unknown}
 j - a scroll of remove curse {unknown}
Potions
 i - a potion of flight
 k - a potion of brilliance {unknown}
Comestibles
 c - 4 rations


   Skills:
 + Level 2.2 Short Blades
 + Level 2.9 Dodging
 + Level 5.1 Stealth
 - Level 2.0 Spellcasting
 + Level 3.6 Hexes


You had one spell level left.
You knew the following spells:

 Your Spells              Type           Power        Failure   Level  Hunger
a - Corona                Hex            ##.....      4%          1    #......
b - Ensorcelled Hibernat  Hex/Ice        #.....       14%         2    ###....
c - Confuse               Hex            ##......     13%         3    ###....

Your spell library contained the following spells:

 Spells                   Type           Power        Failure   Level  Hunger
 Tukima's Dance           Hex            ##......     13%         3    ###....
 Dazzling Spray           Conj/Hex       #.....       26%         3    ###....


Dungeon Overview and Level Annotations

Branches:
Dungeon (3/15)

Altars:
Fedhas

Annotations:
D:2 exclusion: oklob plant


Innate Abilities, Weirdness & Mutations

You cannot wear most types of armour.
You are very stealthy in the water. (Stealth+)
You are amphibious.
You can wear up to eight rings at the same time.
You can use your tentacles to constrict eight enemies at once.
Your skin changes colour to match your surroundings (Stealth+).
Your rubbery body absorbs attacks. (AC +1, EV +1)


Message History

The orc misses you.
Casting: Ensorcelled Hibernation (safe; 14% risk of failure)
Confirm with . or Enter, or press ? or * to list all spells.
Aiming: Ensorcelled Hibernation (safe; 14% risk of failure)
Press: ? - help, Shift-Dir - straight line, f/p - orc
Aim: an orc, wielding a +0 whip (moderately wounded, chance to defeat MR: 56%)
The orc resists with significant effort.
The orc hits you but does no damage.
Casting: Ensorcelled Hibernation (safe; 14% risk of failure)
Confirm with . or Enter, or press ? or * to list all spells.
Aiming: Ensorcelled Hibernation (safe; 14% risk of failure)
Press: ? - help, Shift-Dir - straight line, f/p - orc
Aim: an orc, wielding a +0 whip (moderately wounded, chance to defeat MR: 56%)
The orc resists with significant effort.
The orc hits you with a +0 whip!
* * * LOW HITPOINT WARNING * * *
It was a potion of flight.
You feel very buoyant.
You fly up into the air.
The orc hits you with a +0 whip!
You die...

#......## #...o..o. #.#######
#..##### #. ##.....##
#.####.o...#.
######...##.....#.
#........##...o.#. ######@#
#..##.......
#....#o#####..#####....
#.##.#o##.........)....
#.##.#o.....<......#...
.#+##+#..................###.
........##.##.[..........# #.
...........##............# #.
#.......#####...####'##### ##
#...<...#####...####.#


You could see 3 orcs.

Vanquished Creatures
  4 adders (D:2)
  A gnoll (D:1)
  2 worms (D:2)
  An orc (D:3)
  2 giant cockroaches (D:2)
  5 goblins
  7 hobgoblins
  5 kobolds
  4 ball pythons
  4 bats
  5 frilled lizards
  9 rats
49 creatures vanquished.

Notes
Turn   | Place    | Note
-------+----------+-------------------------------------------
     0 | D:1      | Aviak the Octopode Enchanter began the quest for the Orb.
     0 | D:1      | Reached XP level 1. HP: 11/11 MP: 3/3
   341 | D:1      | Reached XP level 2. HP: 17/17 MP: 5/5
   850 | D:1      | You fall into a shaft and drop 1 floor!
  1396 | D:1      | Reached XP level 3. HP: 17/21 MP: 6/6
  1486 | D:1      | Learned a level 2 spell: Ensorcelled Hibernation
  1490 | D:1      | Learned a level 3 spell: Confuse
  2018 | D:2      | Reached XP level 4. HP: 17/27 MP: 7/7
  2180 | D:2      | Reached skill level 5 in Stealth
  2600 | D:2      | Found a blossoming altar of Fedhas.
  2622 | D:2      | Noticed an oklob plant
  2996 | D:3      | Slain by an orc

Levels and vault maps discovered:
D:1:      zelgadis_glass_arrival_small, layout_loops_corners
D:2:      layout_rooms, tgw_fedhas
D:3:      layout_basic, gup_sewer_entry_spiral, minmay_distorted,
          uniq_crazy_yiuf_cottage

Skill      XL: |  1  2  3  4 |
---------------+-------------+-----
Short Blades   | 2 |  2.2
Stealth        | 5 |  5.1
Dodging        | |  2.9
Spellcasting   | |  2.0
Hexes          | |  3.6

Action                   |  1- 3 |  4- 6 || total
-------------------------+-------+-------++-------
Melee: Dagger            |    89 |    15 ||   104
       Constrict         |    19 |     9 ||    28
       Tentacles         |     8 |     5 ||    13
       Short sword       |       |    16 ||    16
 Cast: Corona            |     3 |       ||     3
       Ensorcelled Hiber |     1 |     7 ||     8
       Confuse           |     1 |     1 ||     2
  Use: Potion            |     1 |     1 ||     2
 Stab: Sleeping          |    10 |     5 ||    15
  Eat: Chunk             |     4 |     2 ||     6
Armor: Skin              |     7 |     1 ||     8
Dodge: Dodged            |    70 |    20 ||    90
